TOP OF THE 1ST |
Providence Friars batting - Pitching for Georgetown Hoyas : RHP George Gore
|
Pitching: RHP George Gore
|
|
Batting: LHB Brian Easdale
|
0-0: Ball 1-0: Called Strike 1-1: Ball 2-1: Fly out, F4 (Popup, 4S)
|
Batting: SHB Esteban Aliaga
|
0-0: Called Strike 0-1: Ball 1-1: Ball 2-1: Foul Ball, location: 2F 2-2: Strikes out swinging
|
Batting: RHB Miguel Sánchez
|
0-0: Called Strike 0-1: Called Strike 0-2: Ball 1-2: Strikes out swinging
|
Top of the 1st over - 0 run(s), 0 hit(s), 0 error(s), 0 left on base; Providence 0 - Georgetown 0 |
BOTTOM OF THE 1ST |
Georgetown Hoyas batting - Pitching for Providence Friars : LHP Joe Jewell
|
Pitching: LHP Joe Jewell
|
|
Batting: LHB Pedro Escobar
|
0-0: SOLO HOME RUN (Flyball, 89XD), Distance : 388 ft
|
Batting: LHB Preston Leach
|
0-0: Ball 1-0: Ball 2-0: Ground out 1-3 (Groundball, 13)
|
Batting: RHB Hubert MacDonald
|
0-0: Ball 1-0: Fly out, F8 (Flyball, 8RS)
|
Batting: RHB Glenn Rojas
|
0-0: Called Strike 0-1: Ball 1-1: Ball 2-1: Ball 3-1: Foul Ball, location: 2F 3-2: Base on Balls
|
Batting: LHB Chris Smith
|
0-0: Fly out, F9 (Flyball, 9)
|
Bottom of the 1st over - 1 run(s), 1 hit(s), 0 error(s), 1 left on base; Providence 0 - Georgetown 1 |
TOP OF THE 2ND |
Providence Friars batting - Pitching for Georgetown Hoyas : RHP George Gore
|
Batting: LHB Javier Morales
|
0-0: Foul Ball, location: 2F 0-1: Swinging Strike 0-2: Strikes out looking
|
Batting: RHB Gonzalo García
|
0-0: Foul Ball, location: 2F 0-1: Ground out 4-3 (Groundball, 4)
|
Batting: RHB Daniel Riddle
|
0-0: Ball 1-0: Called Strike 1-1: Ball 2-1: Foul Ball, location: 2F 2-2: Ball 3-2: Foul Ball, location: 2F 3-2: Base on Balls
|
Batting: RHB Gustavo Todd
|
0-0: Ball 1-0: Ball 2-0: Ball 3-0: Called Strike 3-1: Fly out, F4 (Line Drive, 4)
|
Top of the 2nd over - 0 run(s), 0 hit(s), 0 error(s), 1 left on base; Providence 0 - Georgetown 1 |
BOTTOM OF THE 2ND |
Georgetown Hoyas batting - Pitching for Providence Friars : LHP Joe Jewell
|
Batting: SHB Chris Young
|
0-0: Foul Ball, location: 2F 0-1: Ball 1-1: Ball 2-1: Ball 3-1: Foul Ball, location: 2F 3-2: Foul Ball, location: 2F 3-2: Base on Balls
|
Batting: LHB Matt McCormick
|
0-0: SINGLE (Groundball, 56D) Chris Young to second
|
Batting: LHB Robert Lucas
|
0-0: Ball 1-0: Ball 2-0: Ball 3-0: Base on Balls Chris Young to third Matt McCormick to second
|
Batting: RHB Alex Vasser
|
0-0: Foul Ball, location: 2F 0-1: Ball 1-1: Ball 2-1: Ball 3-1: Base on Balls Chris Young scores Matt McCormick to third Robert Lucas to second
|
Batting: LHB Pedro Escobar
|
0-0: Called Strike 0-1: Ball 1-1: Ball 2-1: Ball 3-1: Called Strike 3-2: Base on Balls Matt McCormick scores Robert Lucas to third Alex Vasser to second
|
Batting: LHB Preston Leach
|
0-0: Ball 1-0: Ball 2-0: Foul Ball, location: 2F 2-1: Hit by Pitch Robert Lucas scores Alex Vasser to third Pedro Escobar to second
|
Batting: RHB Hubert MacDonald
|
0-0: Ball 1-0: Swinging Strike 1-1: Ball 2-1: Swinging Strike 2-2: Strikes out swinging
|
Batting: RHB Glenn Rojas
|
0-0: Foul Ball, location: 2F 0-1: Ball 1-1: Called Strike 1-2: Ball 2-2: Ball 3-2: Base on Balls Alex Vasser scores Pedro Escobar to third Preston Leach to second
|
Batting: LHB Chris Smith
|
0-0: Called Strike 0-1: Fly out, F8 (Flyball, 8LM) Runner from 3rd tags up, SCORES, no throw
|
Batting: SHB Chris Young
|
0-0: Ball 1-0: Swinging Strike 1-1: Ball 2-1: Ball 3-1: Fly out, F8 (Flyball, 8LS)
|
Bottom of the 2nd over - 5 run(s), 1 hit(s), 0 error(s), 2 left on base; Providence 0 - Georgetown 6 |
TOP OF THE 3RD |
Providence Friars batting - Pitching for Georgetown Hoyas : RHP George Gore
|
Batting: RHB Héctor Cruz
|
0-0: Called Strike 0-1: Ground out 4-3 (Groundball, 4)
|
Batting: RHB Roger Tucker
|
0-0: Called Strike 0-1: Fly out, F6 (Popup, 56D)
|
Batting: LHB Brian Easdale
|
0-0: Fly out, F4 (Popup, 4D)
|
Top of the 3rd over - 0 run(s), 0 hit(s), 0 error(s), 0 left on base; Providence 0 - Georgetown 6 |
BOTTOM OF THE 3RD |
Georgetown Hoyas batting - Pitching for Providence Friars : LHP Joe Jewell
|
Pitching: RHP Enrico Velázquez
|
|
Batting: LHB Matt McCormick
|
0-0: Foul Ball, location: 2F 0-1: Ball 1-1: Swinging Strike 1-2: Strikes out swinging
|
Batting: LHB Robert Lucas
|
0-0: Ball 1-0: Foul Ball, location: 2F 1-1: Foul Ball, location: 2F 1-2: SINGLE (Groundball, 6MD)
|
Batting: RHB Alex Vasser
|
0-0: Foul Ball, location: 2F 0-1: Ball 1-1: Ball 2-1: SINGLE (Groundball, 56D) Robert Lucas to second
|
Batting: LHB Pedro Escobar
|
0-0: Ball 1-0: Called Strike 1-1: Foul Ball, location: 2F 1-2: Foul Ball, location: 2F 1-2: Strikes out swinging
|
Batting: LHB Preston Leach
|
0-0: Ball 1-0: Called Strike 1-1: Ball 2-1: Called Strike 2-2: Fly out, F8 (Flyball, 8RXD)
|
Bottom of the 3rd over - 0 run(s), 2 hit(s), 0 error(s), 2 left on base; Providence 0 - Georgetown 6 |
TOP OF THE 4TH |
Providence Friars batting - Pitching for Georgetown Hoyas : RHP George Gore
|
Batting: SHB Esteban Aliaga
|
0-0: Ball 1-0: Called Strike 1-1: Ball 2-1: Swinging Strike 2-2: Ball 3-2: SINGLE (Groundball, 5) (infield hit)
|
Batting: RHB Miguel Sánchez
|
0-0: Ball 1-0: Ball 2-0: Called Strike 2-1: Ball 3-1: Swinging Strike 3-2: Strikes out looking
|
Batting: LHB Javier Morales
|
0-0: Called Strike Throwing error on steal attempt, E2 Esteban Aliaga to third 0-1: DOUBLE (Flyball, 7LM) Esteban Aliaga scores
|
Batting: RHB Gonzalo García
|
0-0: Ball 1-0: Foul Ball, location: 2F 1-1: Foul Ball, location: 2F 1-2: Foul Ball, location: 2F 1-2: Ground out 4-3 (Groundball, 4) Javier Morales to third
|
Batting: RHB Daniel Riddle
|
0-0: Swinging Strike 0-1: Ball 1-1: Called Strike 1-2: Foul Ball, location: 2F 1-2: Strikes out swinging
|
Top of the 4th over - 1 run(s), 2 hit(s), 1 error(s), 1 left on base; Providence 1 - Georgetown 6 |
BOTTOM OF THE 4TH |
Georgetown Hoyas batting - Pitching for Providence Friars : RHP Enrico Velázquez
|
Batting: RHB Hubert MacDonald
|
0-0: Ball 1-0: Foul Ball, location: 2F 1-1: SOLO HOME RUN (Flyball, 8RXD), Distance : 411 ft
|
Batting: RHB Glenn Rojas
|
0-0: Ball 1-0: Foul Ball, location: 2F 1-1: Swinging Strike 1-2: Ball 2-2: SINGLE (Groundball, 6D)
|
Batting: LHB Chris Smith
|
0-0: Called Strike 0-1: Fielders Choice at 2nd, 5-4 (Groundball, 56)
|
Batting: SHB Chris Young
|
0-0: Called Strike Chris Smith steals 2nd base 0-1: Ground out U3 (Groundball, 3L) Chris Smith to third
|
Batting: LHB Matt McCormick
|
0-0: Ball 1-0: 2-RUN HOME RUN (Flyball, 8RXD), Distance : 406 ft
|
Batting: LHB Robert Lucas
|
0-0: Called Strike 0-1: Foul Ball, location: 2F 0-2: Ball 1-2: Strikes out swinging
|
Bottom of the 4th over - 3 run(s), 3 hit(s), 0 error(s), 0 left on base; Providence 1 - Georgetown 9 |
TOP OF THE 5TH |
Providence Friars batting - Pitching for Georgetown Hoyas : RHP George Gore
|
Batting: RHB Gustavo Todd
|
0-0: Ball 1-0: Foul Ball, location: 2F 1-1: Swinging Strike 1-2: Ground out 1-3 (Groundball, P)
|
Batting: RHB Héctor Cruz
|
0-0: Ball 1-0: Called Strike 1-1: Ball 2-1: Ball 3-1: Fly out, F8 (Flyball, 89M)
|
Batting: RHB Roger Tucker
|
0-0: Ball 1-0: Ball 2-0: Ball 3-0: Base on Balls
|
Batting: LHB Brian Easdale
|
0-0: Called Strike 0-1: SINGLE (Groundball, 6S) (infield hit) Roger Tucker to second
|
Batting: SHB Esteban Aliaga
|
0-0: Called Strike 0-1: Ground out 4-3 (Groundball, 34)
|
Top of the 5th over - 0 run(s), 1 hit(s), 0 error(s), 2 left on base; Providence 1 - Georgetown 9 |
BOTTOM OF THE 5TH |
Georgetown Hoyas batting - Pitching for Providence Friars : RHP Enrico Velázquez
|
Pitching: RHP Jesse Hairston
|
|
Batting: RHB Alex Vasser
|
0-0: Ball 1-0: Foul Ball, location: 2F 1-1: Ball 2-1: Foul Ball, location: 2F 2-2: Foul Ball, location: 2F 2-2: Foul Ball, location: 2F 2-2: Strikes out swinging
|
Batting: LHB Pedro Escobar
|
0-0: Ball 1-0: Swinging Strike 1-1: Fly out, F7 (Flyball, 7)
|
Batting: LHB Preston Leach
|
0-0: SINGLE (Line Drive, 8RM)
|
Batting: RHB Hubert MacDonald
|
0-0: Ball 1-0: Swinging Strike 1-1: Foul Ball, location: 2F 1-2: Foul Ball, location: 2F 1-2: Foul Ball, location: 2F 1-2: Fly out, F5 (Line Drive, 56S)
|
Bottom of the 5th over - 0 run(s), 1 hit(s), 0 error(s), 1 left on base; Providence 1 - Georgetown 9 |
TOP OF THE 6TH |
Providence Friars batting - Pitching for Georgetown Hoyas : RHP George Gore
|
Batting: RHB Miguel Sánchez
|
0-0: Called Strike 0-1: Foul Ball, location: 2F 0-2: Ball 1-2: Ball 2-2: Fly out, F4 (Popup, 4)
|
Pitching: RHP Kyle O'Brien
|
|
Batting: LHB Javier Morales
|
0-0: Ball 1-0: Ball 2-0: Foul Ball, location: 2F 2-1: Swinging Strike 2-2: SOLO HOME RUN (Flyball, 9LD), Distance : 317 ft
|
Batting: RHB Gonzalo García
|
0-0: Ground out 5-3 (Groundball, 56)
|
Batting: RHB Daniel Riddle
|
0-0: Ball 1-0: Called Strike 1-1: Swinging Strike 1-2: Ball 2-2: Ball 3-2: Base on Balls
|
Batting: RHB Gustavo Todd
|
0-0: Ground out 5-3 (Groundball, 56)
|
Top of the 6th over - 1 run(s), 1 hit(s), 0 error(s), 1 left on base; Providence 2 - Georgetown 9 |
BOTTOM OF THE 6TH |
Georgetown Hoyas batting - Pitching for Providence Friars : RHP Jesse Hairston
|
Batting: RHB Glenn Rojas
|
0-0: SINGLE (Line Drive, 7LS)
|
Batting: LHB Chris Smith
|
0-0: Ball 1-0: Ball 2-0: Ball 3-0: Called Strike 3-1: Swinging Strike 3-2: Base on Balls Glenn Rojas to second
|
Batting: SHB Chris Young
|
0-0: Ball 1-0: 3-RUN HOME RUN (Flyball, 89XD), Distance : 391 ft
|
Batting: LHB Matt McCormick
|
0-0: Foul Ball, location: 2F 0-1: Foul Ball, location: 2F 0-2: Foul Ball, location: 2F 0-2: SOLO HOME RUN (Line Drive, 89XD), Distance : 392 ft
|
Pitching: RHP Jean-Pierre Matte
|
|
Batting: LHB Robert Lucas
|
0-0: Foul Ball, location: 2F 0-1: Foul Ball, location: 2F 0-2: Ball 1-2: Foul Ball, location: 2F 1-2: Ball 2-2: Strikes out swinging
|
Batting: RHB Alex Vasser
|
0-0: Foul Ball, location: 2F 0-1: Called Strike 0-2: Fly out, F8 (Line Drive, 8RM)
|
Batting: LHB Pedro Escobar
|
0-0: Ball 1-0: SINGLE (Flyball, 9S)
|
Batting: LHB Preston Leach
|
0-0: Ball 1-0: Ball Pedro Escobar is caught stealing 2nd base
|
Bottom of the 6th over - 4 run(s), 4 hit(s), 0 error(s), 0 left on base; Providence 2 - Georgetown 13 |
TOP OF THE 7TH |
Providence Friars batting - Pitching for Georgetown Hoyas : RHP Kyle O'Brien
|
Batting: RHB Héctor Cruz
|
0-0: Ball 1-0: Ball 2-0: Foul Ball, location: 2F 2-1: Ball 3-1: Base on Balls
|
Batting: RHB Roger Tucker
|
0-0: Ball Héctor Cruz steals 2nd base 1-0: Ball Wild Pitch! Héctor Cruz to third 2-0: Called Strike 2-1: Foul Ball, location: 2F 2-2: Foul Ball, location: 2F 2-2: Ball 3-2: Foul Ball, location: 2F 3-2: Foul Ball, location: 2F 3-2: Base on Balls
|
Batting: LHB Brian Easdale
|
0-0: Ball 1-0: Called Strike 1-1: Ball 2-1: Fly out, F8 (Flyball, 8LS) Runner from 3rd tags up, SCORES, no throw
|
Batting: SHB Esteban Aliaga
|
0-0: Grounds into double play, 4-6-3 (Groundball, 34)
|
Top of the 7th over - 1 run(s), 0 hit(s), 0 error(s), 0 left on base; Providence 3 - Georgetown 13 |
BOTTOM OF THE 7TH |
Georgetown Hoyas batting - Pitching for Providence Friars : RHP Jean-Pierre Matte
|
Batting: LHB Preston Leach
|
0-0: Swinging Strike 0-1: Foul Ball, location: 2F 0-2: Ball 1-2: Fly out, F7 (Flyball, 7)
|
Batting: RHB Hubert MacDonald
|
0-0: Ball 1-0: Ball 2-0: SINGLE (Line Drive, 8LS)
|
Batting: RHB Glenn Rojas
|
0-0: Called Strike 0-1: Ball 1-1: Fly out, F4 (Popup, 34D)
|
Batting: LHB Chris Smith
|
0-0: Foul Ball, location: 2F 0-1: Ball 1-1: Foul Ball, location: 2F 1-2: Foul Ball, location: 2F 1-2: Ball 2-2: Fielders Choice at 2nd, 6-4 (Groundball, 6)
|
Bottom of the 7th over - 0 run(s), 1 hit(s), 0 error(s), 0 left on base; Providence 3 - Georgetown 13 |
TOP OF THE 8TH |
Providence Friars batting - Pitching for Georgetown Hoyas : RHP Kyle O'Brien
|
Now at 3B: Mitchell Pate
|
|
Batting: RHB Miguel Sánchez
|
0-0: Called Strike 0-1: Foul Ball, location: 2F 0-2: Fly out, F7 (Flyball, 7D)
|
Batting: LHB Javier Morales
|
0-0: Ground out 4-3 (Groundball, 4)
|
Batting: RHB Gonzalo García
|
0-0: Called Strike 0-1: Ball 1-1: Ball 2-1: Swinging Strike 2-2: Foul Ball, location: 2F 2-2: Fly out, F6 (Line Drive, 6M)
|
Top of the 8th over - 0 run(s), 0 hit(s), 0 error(s), 0 left on base; Providence 3 - Georgetown 13 |
BOTTOM OF THE 8TH |
Georgetown Hoyas batting - Pitching for Providence Friars : RHP Jean-Pierre Matte
|
Pitching: LHP John Rodríguez
|
|
Batting: SHB Chris Young
|
0-0: Ball 1-0: Swinging Strike 1-1: Foul Ball, location: 2F 1-2: Ball 2-2: Foul Ball, location: 2F 2-2: SINGLE (Groundball, 6S) (infield hit)
|
Pitching: RHP José Hernández
|
|
Batting: LHB Matt McCormick
|
0-0: 2-RUN HOME RUN (Flyball, 9D), Distance : 369 ft
|
Batting: LHB Robert Lucas
|
0-0: Called Strike 0-1: Foul Ball, location: 2F 0-2: Strikes out swinging
|
Batting: RHB Alex Vasser
|
0-0: Called Strike 0-1: Foul Ball, location: 2F 0-2: Fly out, F4 (Line Drive, 4M)
|
Batting: LHB Pedro Escobar
|
0-0: Called Strike 0-1: Called Strike 0-2: Ball 1-2: Fly out, F4 (Line Drive, 4)
|
Bottom of the 8th over - 2 run(s), 2 hit(s), 0 error(s), 0 left on base; Providence 3 - Georgetown 15 |
TOP OF THE 9TH |
Providence Friars batting - Pitching for Georgetown Hoyas : RHP Kyle O'Brien
|
Pitching: RHP Dave White
|
|
Now at C: Alex Hampton
|
|
Batting: RHB Daniel Riddle
|
0-0: Called Strike 0-1: Foul Ball, location: 2F 0-2: Strikes out looking
|
Batting: RHB Gustavo Todd
|
0-0: Swinging Strike 0-1: Ball 1-1: Ball 2-1: Called Strike 2-2: Foul Ball, location: 2F 2-2: Ball 3-2: Foul Ball, location: 2F 3-2: Base on Balls
|
Batting: RHB Héctor Cruz
|
0-0: Called Strike 0-1: Ball 1-1: Called Strike 1-2: Foul Ball, location: 2F 1-2: Ball Wild Pitch! Gustavo Todd to second 2-2: Strikes out swinging
|
Batting: RHB Roger Tucker
|
0-0: Foul Ball, location: 2F 0-1: Ball 1-1: Ball 2-1: Swinging Strike 2-2: Ball 3-2: Foul Ball, location: 2F 3-2: Strikes out looking
|
Top of the 9th over - 0 run(s), 0 hit(s), 0 error(s), 1 left on base; Providence 3 - Georgetown 15 |
|